 Dungeon Sprint DCSS version 0.18.1-50-g88ac8fd (webtiles) character file.

13391 saintsgambit the Peltast (level 11, -10/111 HPs)
             Began as a Minotaur Fighter on Sept 24, 2016.
             Was the Champion of the Shining One.
             Hit by a large rock thrown by a stone giant (32 damage)
             ... while paralysed by a vampire knight
             ... in the Dungeon (Sprint VII: "The Pits").
             The game lasted 00:10:05 (1662 turns).

saintsgambit the Peltast (Minotaur Fighter)         Turns: 1662, Time: 00:10:05

Health: -10/111    AC: 21    Str: 24    XL:     11   Next: 75%
Magic:  5/15       EV:  2    Int: 10    God:    the Shining One [******]
Gold:   35         SH:  0    Dex: 10    Spells: 0 memorised, 10 levels left

rFire  . . .     SeeInvis .     x - +3 broad axe (freeze)
rCold  . . .     Gourm    .     B - +5 chain mail of the Salmon {rElec rN+ Int+2}
rNeg   + + +     Faith    .     c - +0 shield
rPois  .         Spirit   .     y - +2 hat {Int+3}
rElec  +         Dismiss  .     w - +0 cloak
rCorr  .         Reflect  .     (no gloves)
SustAt .         Harm     .     (no boots)
MR     .....     NoTele   +     (no amulet)
Stlth  ..........               (no ring)
                                (no ring)

@: paralysed, lethally poisoned (-10 -> -68), divine shield, glowing, not
resistant to hostile enchantments, extremely unstealthy
A: retaliatory headbutt, horns 2
a: Divine Shield, Cleansing Flame, Summon Divine Warrior, Brand Weapon With Holy
Wrath, Renounce Religion


You were in the Dungeon.
You worshipped the Shining One.
The Shining One was exalted by your worship.
You were not hungry.

You visited 1 branch You collected 35 gold pieces.

Inventory:

Hand Weapons
 t - a +2 hand axe of freezing
 x - a +3 broad axe of freezing (weapon)
Armour
 c - a +0 shield (worn)
 s - a +2 plate armour
 w - a +0 cloak (worn)
 y - a +2 hat of intelligence (worn)
 B - the +5 chain mail of the Salmon (worn) {rElec rN+ Int+2}
   (You found it in the Dungeon)

   It affects your intelligence (+2).
   It insulates you from electricity.
   It protects you from negative energy.
Jewellery
 a - a +3 ring of dexterity
 r - a +3 ring of evasion
 C - an uncursed ring of fire
Wands
 z - a wand of iceblast (7/15)
 A - a wand of hasting (2/9)
Scrolls
 k - a scroll of blinking
 o - 6 scrolls of remove curse
 p - 5 scrolls of amnesia
 q - a scroll of summoning
 D - 2 scrolls of enchant weapon
 E - a scroll of fear
 F - 2 scrolls of fog
 G - a scroll of recharging
Potions
 b - 3 potions of brilliance
 d - 2 potions of might
 e - 11 potions of curing
 g - 9 potions of heal wounds
 h - a potion of haste
 i - 4 potions of magic
 j - 3 potions of berserk rage
 n - 2 potions of invisibility
 u - 2 potions of cure mutation
 v - 2 potions of agility
 H - a potion of resistance
Comestibles
 f - 7 bread rations
 l - 40 fruits
 m - 7 meat rations


   Skills:
 + Level 14.9 Fighting
 + Level 16.7 Axes
 + Level 14.1 Armour
 + Level 5.8 Dodging
 + Level 19.4 Shields
 + Level 7.7 Invocations


You had 10 spell levels left.
You didn't know any spells.

Dungeon Overview and Level Annotations

Branches:
Dungeon (1/1)

Altars:
Ashenzari
Cheibriados
Dithmenos
Elyvilon
Fedhas
Kikubaaqudgha
Makhleb
Nemelex Xobeh
Okawaru
Pakellas
Ru
Sif Muna
Trog
Vehumet
Xom
Yredelemnul
Zin
The Shining One
Beogh
Jiyva
Lugonu


Innate Abilities, Weirdness & Mutations

You reflexively headbutt those who attack you in melee.
You have a pair of horns on your head.


Message History

The vampire knight points at you and mumbles some strange words.
You suddenly lose the ability to move!
You feel sick.
The vampire knight hits you with a +6 rapier of venom.
You are more poisoned.
The vampire knight bites you but does no damage.
A sheep comes into view.
You feel very sick.
The vampire knight hits you with a +6 rapier of venom!
* * * LOW HITPOINT WARNING * * *
You are lethally poisoned!
The vampire knight bites you but does no damage.
The vampire knight hits you with a +6 rapier of venom.
* * * LOW HITPOINT WARNING * * *
You are more poisoned.
The vampire knight bites you but does no damage.
* * * LOW HITPOINT WARNING * * *
You feel very sick.
The stone giant throws a large rock.
The large rock hits you!!
You die...

#....................+
#..################..#
#..# g# #..# #..# Y#
#..# #..# D# #..# #..#
m# ##..# #..# C#.#..#
#..#############)##..#
#...............@....#
#................V...#
##########''##########
##########''######
#................#
#......#..#......#
#................+
'................+
#......#..#......#


You could see a stone giant, a merfolk impaler, a vampire knight (invisible), a
swamp dragon, a sheep and a gnoll.

Vanquished Creatures
  Gastronok (D)
  A ghost moth (D)
  A frost giant (D)
  A deep elf demonologist (D)
  A death knight (D)
  A death yak (D)
  A sea snake (D)
  An unseen horror (D)
  2 deep elf magi (D)
  A cyclops (D)
  A griffon (D)
  A black mamba (D)
  Joseph (D)
  A gargoyle (D)
  A demonic crawler (D)
  A hellwing (D)
  A guardian mummy (D)
  A merfolk (D)
  2 polar bears (D)
  A boulder beetle (D)
  A snapping turtle (D)
  A spriggan (D)
  A fire elemental (D)
  3 hippogriffs (D)
  3 vampire mosquitoes (D)
  A warg (D)
  A mottled dragon (D)
  2 giant eyeballs (D)
  A swamp drake (D)
  Blork the orc (D)
  2 big kobolds (D)
  A giant frog (D)
  A jelly (D)
  An iron imp (D)
  A quasit (D)
  A gnoll shaman (D)
  Terence (D)
  An orc wizard (D)
  7 sheep (D)
  8 gnolls (D)
  An adder (D)
  2 ufetubi (D)
  2 worms (D)
  A giant gecko (D)
  3 orcs (D)
  A ball python (D)
  A bat (D)
  A goblin (D)
  3 kobolds (D)
  2 quokkas (D)
  A giant newt (D)
79 creatures vanquished.

Vanquished Creatures (others)
  A sheep (D)
  A giant newt (D)
2 creatures vanquished.

Grand Total: 81 creatures vanquished

Notes
Turn   | Place    | Note
--------------------------------------------------------------
     0 | D        | saintsgambit the Minotaur Fighter began the quest for the Orb.
     0 | D        | Reached XP level 1. HP: 19/19 MP: 0/0
    18 | D        | Reached skill level 4 in Shields
    18 | D        | Reached XP level 2. HP: 18/28 MP: 1/1
    38 | D        | Found a sacrificial altar of Ru.
    38 | D        | Found a shadowy altar of Dithmenos.
    38 | D        | Found a bloodstained altar of Trog.
    38 | D        | Found a deep blue altar of Sif Muna.
    38 | D        | Found a shimmering altar of Xom.
    38 | D        | Found a sparkling altar of Nemelex Xobeh.
    38 | D        | Found a corrupted altar of Lugonu.
    38 | D        | Found a viscous altar of Jiyva.
    39 | D        | Found a basalt altar of Yredelemnul.
    39 | D        | Found a glowing golden altar of the Shining One.
    39 | D        | Found a shattered altar of Ashenzari.
    39 | D        | Found a white marble altar of Elyvilon.
    39 | D        | Found a snail-covered altar of Cheibriados.
    39 | D        | Found a blossoming altar of Fedhas.
    39 | D        | Found a radiant altar of Vehumet.
    39 | D        | Found a burning altar of Makhleb.
    39 | D        | Found an ancient bone altar of Kikubaaqudgha.
    39 | D        | Found a glowing silver altar of Zin.
    39 | D        | Found a roughly hewn altar of Beogh.
    39 | D        | Found an iron altar of Okawaru.
    40 | D        | Found an oddly glowing altar of Pakellas.
    43 | D        | Became a worshipper of the Shining One
    67 | D        | Reached skill level 5 in Fighting
    67 | D        | Reached skill level 5 in Armour
    67 | D        | Reached skill level 5 in Shields
    73 | D        | Reached XP level 3. HP: 29/36 MP: 2/2
    82 | D        | Reached * piety under the Shining One
    83 | D        | Noticed a giant eyeball
    83 | D        | Reached ** piety under the Shining One
    86 | D        | Paralysed by a giant eyeball for 3 turns
    91 | D        | Paralysed by a giant eyeball for 3 turns
    94 | D        | Killed a giant eyeball
    94 | D        | Reached skill level 7 in Shields
    94 | D        | Reached XP level 4. HP: 38/47 MP: 3/3
    94 | D        | Reached XP level 5. HP: 42/52 MP: 4/4
   208 | D        | Noticed Terence
   208 | D        | Reached *** piety under the Shining One
   213 | D        | Noticed a giant eyeball
   228 | D        | Reached **** piety under the Shining One
   228 | D        | Reached skill level 1 in Dodging
   228 | D        | Reached skill level 8 in Shields
   231 | D        | Paralysed by a giant eyeball for 2 turns
   233 | D        | Reached skill level 5 in Axes
   236 | D        | Killed Terence
   236 | D        | Reached skill level 9 in Shields
   236 | D        | Reached XP level 6. HP: 54/62 MP: 5/5
   245 | D        | Killed a giant eyeball
   245 | D        | Reached skill level 10 in Shields
   268 | D        | Reached skill level 1 in Invocations
   270 | D        | Noticed a polar bear
   287 | D        | Killed a polar bear
   287 | D        | Reached skill level 10 in Fighting
   287 | D        | Reached skill level 10 in Armour
   287 | D        | Reached skill level 11 in Shields
   287 | D        | Reached XP level 7. HP: 72/72 MP: 4/6
   290 | D        | Noticed a deep elf mage
   291 | D        | Noticed a fire elemental
   306 | D        | Noticed a fire elemental
   306 | D        | Noticed a fire elemental
   316 | D        | Killed a deep elf mage
   316 | D        | Reached skill level 12 in Shields
   316 | D        | Reached XP level 8. HP: 48/81 MP: 4/8
   324 | D        | Reached skill level 13 in Shields
   541 | D        | Noticed an unseen horror
   541 | D        | Noticed a cyclops
   552 | D        | Killed a cyclops
   563 | D        | Killed an unseen horror
   563 | D        | Reached skill level 14 in Shields
   563 | D        | Reached XP level 9. HP: 89/89 MP: 7/10
   673 | D        | Noticed a sea snake
   680 | D        | Killed a sea snake
   680 | D        | Reached skill level 10 in Axes
   680 | D        | Reached skill level 15 in Shields
   683 | D        | Noticed a merfolk
   683 | D        | Reached ***** piety under the Shining One
   693 | D        | Killed a merfolk
   706 | D        | Noticed a gargoyle
   706 | D        | Noticed a guardian mummy
   714 | D        | Killed a gargoyle
   714 | D        | Reached skill level 16 in Shields
   721 | D        | Killed a guardian mummy
   960 | D        | Noticed a death yak
   975 | D        | Killed a death yak
   975 | D        | Reached XP level 10. HP: 75/97 MP: 10/12
   988 | D        | Reached ****** piety under the Shining One
   988 | D        | Noticed a black mamba
   995 | D        | Reached skill level 17 in Shields
   997 | D        | Killed a black mamba
  1033 | D        | Noticed a deep elf demonologist
  1035 | D        | Noticed a green death
  1038 | D        | Reached skill level 5 in Invocations
  1043 | D        | Noticed a Tzitzimitl
  1046 | D        | Noticed a sun demon
  1048 | D        | Noticed a Tzitzimitl
  1048 | D        | Killed a deep elf demonologist
  1196 | D        | Noticed Blork the orc
  1200 | D        | Noticed Joseph
  1202 | D        | Noticed Gastronok
  1206 | D        | Killed Blork the orc
  1206 | D        | Reached skill level 18 in Shields
  1216 | D        | Killed Joseph
  1222 | D        | Reached XP level 11. HP: 66/107 MP: 6/15
  1222 | D        | Reached skill level 5 in Dodging
  1239 | D        | Killed Gastronok
  1444 | D        | Got the +5 chain mail of the Salmon {rElec rN+ Int+2}
  1552 | D        | Noticed a deep elf mage
  1554 | D        | Noticed a griffon
  1557 | D        | Reached skill level 15 in Axes
  1561 | D        | Killed a deep elf mage
  1564 | D        | Killed a griffon
  1630 | D        | Noticed a sun demon
  1630 | D        | Noticed a vampire knight
  1630 | D        | Noticed a frost giant
  1633 | D        | Noticed a ghost moth
  1638 | D        | Noticed a death knight
  1639 | D        | Killed a frost giant
  1639 | D        | Reached skill level 19 in Shields
  1644 | D        | Noticed a stone giant
  1648 | D        | Killed a ghost moth
  1654 | D        | Noticed a swamp dragon
  1659 | D        | Noticed a merfolk impaler
  1659 | D        | Killed a death knight
  1659 | D        | Paralysed by a vampire knight for 3 turns
  1662 | D        | Hit by a large rock thrown by a stone giant

Skill      XL: |  1  2  3  4  5  6  7  8  9 10 11 |
---------------+----------------------------------+-----
Fighting       | 4 5 7 8 10 11 12 13 14 | 14.9
Armour         | 4 5 7 9 10 11 13 14 | 14.1
Shields        | 4 5 7 9 11 12 14 16 18 19 | 19.4
Axes           | 3 4 5 7 8 9 11 14 16 | 16.7
Dodging        | 2 3 4 5 |  5.8
Invocations    | 1 2 3 4 6 7 |  7.7

Action                   |  1- 3 |  4- 6 |  7- 9 | 10-12 || total
-------------------------+-------+-------+-------+-------++-------
Melee: War axe           |     7 |       |       |       ||     7
       Hand axe          |    18 |    53 |    49 |       ||   120
       Headbutt          |     1 |    12 |    15 |    26 ||    54
       Broad axe         |       |       |    39 |   103 ||   142
Invok: Divine Shield     |       |     2 |     4 |     3 ||     9
       Cleansing Flame   |       |       |       |     5 ||     5
  Use: Potion            |       |       |       |     5 ||     5
       Scroll            |       |       |       |     2 ||     2
  Eat: Bread ration      |       |       |     1 |       ||     1
Armor: Scale mail        |     5 |       |       |       ||     5
       Plate armour      |       |    21 |    22 |    39 ||    82
       Chain mail        |       |       |       |    15 ||    15
Dodge: Dodged            |    11 |     8 |    16 |    35 ||    70
Block: Shield            |     8 |    55 |   106 |   132 ||   301
